[Event "Late-Titled-Tuesday-Blitz-April-16-2024"]
[Site "Chess.com"]
[Date "2024.04.16"]
[Round "3"]
[White "Sanan_Sjugirov"]
[Black "MarcoRiehle"]
[Result "1/2-1/2"]
[WhiteElo "3027"]
[BlackElo "2744"]
[TimeControl "180+1"]
[EndTime "14:29:26 PDT"]
[Termination "Game drawn by stalemate"]

1. e4 e5 2. Nf3 Nf6 3. Nxe5 Nxe4 4.
Nf3 d5 5. d3 Nf6 6. g3 Bd6 7.
Bg2 O-O 8. O-O c5 9. Bg5 h6 10. Bxf6 Qxf6 11. Nc3 Be6 12. Nd2 Nc6 13. Nxd5 Bxd5 14.
Bxd5 Qxb2 15. Rb1 Qd4 16. Bxc6 bxc6 17. Nc4 Be7 18. Qf3 Qd5 19. Kg2 Rab8 20. Rb3 Bf6 21.
Rfb1 Rxb3 22. Rxb3 Re8 23. Ne3 Qd7 24. Ra3 Bd4 25.
Nf5 Re1 26. Ra6 Qb7 27. Rxc6 Qb1 28. Nxd4 Rg1+ 29. Kh3 Qf1+ 30. Kg4 h5+ 31. Kh4 g5+ 32. Kxg5 Qc1+ 33. Qf4 Qxf4+ 34. Kxf4 cxd4 35. h4 Kg7 36. Rc4 Rc1 37. Kf3 Kf6 38. Rxd4 Rxc2 39. Ra4 Rc7 40.
Ra6+ Kf5 41. Ra5+ Kg6 42. Kf4 f6 43. d4 Rc4 44. Ke4 Rc2 45. f3 Rg2 46. Kf4 Rd2 47.
Ke3 Rg2 48. Rxa7 Rxg3 49. a4 Rg1 50. d5 Rd1 51. Ke4 Re1+ 52. Kd4 Rd1+ 53. Kc5 Kf5 54. a5 Rc1+ 55. Kd6 Kf4 56. a6 Kxf3 57. Rf7 Ra1 58. a7 Ke4 59. Kc6 Rc1+ 60. Kb6 Rb1+ 61. Kc5 Rc1+ 62. Kd6 Ra1 63. Re7+ Kd4 64. Ke6 Re1+ 65.
Kxf6 Rf1+ 66. Ke6 Re1+ 67. Kd6 Ra1 68. Rf7 Ra6+ 69. Ke7 Rxa7+ 70. Ke6 Rxf7 71. Kxf7 Kxd5 72. Kg6 Ke6 73. Kxh5 Kf7 74. Kg5 Kg8 75. h5 Kh8 76.
h6 Kg8 77. Kg6 Kh8 78. h7 1/2-1/2

[Event "Late-Titled-Tuesday-Blitz-April-16-2024"]
[Site "Chess.com"]
[Date "2024.04.16"]
[Round "3"]
[White "Byniolus"]
[Black "marcodobrikov"]
[Result "0-1"]
[WhiteElo "2840"]
[BlackElo "2589"]
[TimeControl "180+1"]
[EndTime "14:29:33 PDT"]
[Termination "marcodobrikov won on time"]

1. d4 d6 2. Nf3 Nf6 3. Bf4 Nbd7 4. h3 g6 5. e3 Bg7 6. Be2 O-O 7. O-O c6 8. c4 Ne4 9. Bh2 f5 10. Nc3 Nxc3 11.
bxc3 Nf6 12. Qb3 Qa5 13. c5+ d5 14. c4 e6 15. a3 Ne4 16. Qb4 Qd8 17. Rfd1 h6 18.
Rab1 Kh7 19. Rb2 a5 20. Qe1 Nxc5 21. Ne5 Ne4 22. c5 Nf6 23. Rdb1 Nd7 24. Nd3 Ra7 25.
Bd6 Re8 26. f4 Bf8 27. Bxf8 Rxf8 28. Kh2 Qc7 29. g3 Ra8 30. Rb3 Nf6 31. Bf3 Ra7 32. Qd2 Rf7 33. Qc3 Rg7 34. Qd2 g5 35. Qe2 h5 36.
fxg5 h4 37. Nf4 hxg3+ 38. Kxg3 Rxg5+ 39. Kf2 e5 40. dxe5 Qxe5 41. Qb2 Qe7 42. Rg1 Rxg1 43. Kxg1 Be6 44. Qe5 Qg7+ 45. Kf1 Bd7 46. Rb2 Ne4 47. Qxg7+ Kxg7 48. Rg2+ Kf7 49. Bxe4 fxe4 50. h4 Ra8 51.
Kf2 b6 52. cxb6 Rb8 53. Kg3 Rxb6 54. h5 Rb3 55. Re2 Rxa3 56. Kh4 Ra1 57. Rf2 Ke7 58. Kg5 Rg1+ 59. Rg2 Rxg2+ 60. Nxg2 Kf7 61. h6 Kg8 62. Nf4 a4 63. Nh5 Kh8 64. Nf6 Be6 65. Kg6 a3 66. Nh5 a2 67. Nf4 Bg8 68. Kf6 a1=Q+ 0-1

[Event "Late-Titled-Tuesday-Blitz-April-16-2024"]
[Site "Chess.com"]
[Date "2024.04.16"]
[Round "3"]
[White "ozates"]
[Black "Rud_Makarian"]
[Result "1/2-1/2"]
[WhiteElo "2531"]
[BlackElo "3002"]
[TimeControl "180+1"]
[EndTime "14:29:38 PDT"]
[Termination "Game drawn - insufficient material"]

1. e4 c5 2. Nf3 d6 3. Bb5+ Nd7 4. O-O a6 5. Bd3 Ngf6 6. Re1 b5 7. c4 b4 8. a3 bxa3 9. Nxa3 Bb7 10. Bc2 e6 11. Ba4 Be7 12. d4 cxd4 13. Nxd4 Bxe4 14. Bf4 O-O 15. Bc6 d5 16. Bxa8 Qxa8 17. cxd5 Bxd5 18. Nf3 h6 19. Nc2 Bc5 20. Ne3 Rc8 21. Nxd5 Nxd5 22. Bg3 N7f6 23. Ne5 a5 24. Qf3 Qb7 25.
Nc4 Bb4 26. Nd6 Bxd6 27. Bxd6 Qxb2 28. Be5 Qc2 29. Rxa5 Kh7 30. h3 Rc4 31. Ra7 Qg6 32. Bxf6 Nxf6 33. Qb7 Kg8 34. Ra8+ Kh7 35. Rf8 Rc2 36.
Qxf7 Qf5 37. Rf1 e5 38. Rb8 e4 39. Rb7 Qg5 40. Qe6 Rc1 41. Rb1 Rc5 42. Rb3 Re5 43. Qf7 Nh5 44. Re3 Nf4 45. Rg3 Ne2+ 46.
Kh2 Nxg3 47. fxg3 e3 48. Re1 e2 49. Qf3 Qd2 50. Qf2 Re3 51. Qf5+ Kg8 52. Qc8+ Kf7 53. Qf5+ Ke7 54. Qc5+ Kd7 55. Qb5+ Kd6 56. Qb6+ Ke5 57. Qc7+ Ke4 58. Qe7+ Kd3 59. Qd6+ Kc2 60. Qc5+ Qc3 61. Qf5+ Kd2 62. Qf2 Qe5 63. Rb1 Kc2 64. Qe1 Qxg3+ 65. Qxg3 Rxg3 66. Kxg3 Kxb1 67. Kf2 Kc2 68. Kxe2 Kc3 69.
Ke3 Kc2 70. g4 Kd1 71. h4 Ke1 72. Kf4 Kf2 73. h5 Kg2 74. Kf5 Kg3 75. g5 hxg5 76.
Kxg5 Kh3 77. Kg6 Kg4 78. Kxg7 Kxh5 1/2-1/2

[Event "Late-Titled-Tuesday-Blitz-April-16-2024"]
[Site "Chess.com"]
[Date "2024.04.16"]
[Round "3"]
[White "hikeman2017"]
[Black "soupeOchoux"]
[Result "1-0"]
[WhiteElo "2205"]
[BlackElo "2387"]
[TimeControl "180+1"]
[EndTime "14:29:45 PDT"]
[Termination "hikeman2017 won by resignation"]

1. e4 c5 2. c3 Nf6 3. e5 Nd5 4. d4 cxd4 5. Nf3 Nc6 6. Bc4 Nb6 7.
Bb3 d5 8. exd6 e6 9. O-O Bxd6 10. Nxd4 Nxd4 11. Qxd4 O-O 12. Rd1 Be7 13. Qxd8 Rxd8 14. Rxd8+ Bxd8 15. Be3 Bd7 16. Nd2 Bc6 17. Nc4 Nd5 18.
Bd4 f6 19. Ne3 Nc7 20. f4 Kf8 21. Re1 Be7 22. a4 b6 23. Nc4 Bd5 24. Nd2 Bxb3 25. Nxb3 Kf7 26. Kf2 Nd5 27. Kf3 Rc8 28. Nd2 Bd6 29.
g3 h5 30. Ne4 Be7 31. h3 Rc4 32. b3 Rc7 33. Rc1 Rc8 34. c4 Nb4 35. Rd1 Rc7 36.
Be3 Nc6 37. Nd6+ Bxd6 38. Rxd6 Na5 39. Rd3 Nc6 40. Bd2 Ne7 41. Rd8 Nc6 42. Rd6 Ke7 43. Rd3 a6 44. Be3 Rb7 45. g4 hxg4+ 46. hxg4 b5 47.
cxb5 axb5 48. Rc3 Na5 49. Bc5+ Kf7 50. Bb4 bxa4 51. Bxa5 axb3 52. Rc1 b2 53. Rb1 Rb5 54. Bd2 Rb3+ 55. Ke4 g6 56. Kd4 Ke7 57. Bc3 e5+ 58. fxe5 fxe5+ 59. Kc4 Rb7 60. Bxe5 Ke6 61. Bxb2 Rf7 62.
Re1+ Kd6 63. Re4 Rf2 64. Bc3 Rf3 65. g5 Rf5 66. Bf6 Kd7 67. Kd4 Kd6 68. Re5 Rf1 69.
Be7+ Kd7 70. Bf6 Rd1+ 71. Ke4 Re1+ 72. Kf4 Rf1+ 73. Kg3 Kd6 74. Re3 Rf5 75. Rf3 Rb5 76.
Bd4 Kd5 77. Be3 Ke4 78. Bd2 Rd5 79. Bf4 Rf5 80. Re3+ Kd4 81. Kg4 Kd5 82. Re7 Kd4 83. Rg7 Ke4 84. Bg3 Rb5 85. Rxg6 Rb4 86. Bf4 Kd5 87. Rf6 Rb8 88. g6 Rg8 89. Kg5 Ke4 90.
Bd6 Kd5 91. Be7 Ke5 92. Rf3 Ke6 93. Rf7 1-0

[Event "Late-Titled-Tuesday-Blitz-April-16-2024"]
[Site "Chess.com"]
[Date "2024.04.16"]
[Round "3"]
[White "venturov"]
[Black "MarceloPlaya"]
[Result "1/2-1/2"]
[WhiteElo "2514"]
[BlackElo "2329"]
[TimeControl "180+1"]
[EndTime "14:29:49 PDT"]
[Termination "Game drawn by repetition"]

1. e4 e6 2. d3 d5 3. Nd2 Bc5 4. Ngf3 Nf6 5. Be2 O-O 6. O-O Bb6 7. c3 c5 8. a4 Nc6 9. Re1 e5 10. exd5 Nxd5 11. Nc4 Bc7 12. Bf1 Re8 13. d4 cxd4 14.
cxd4 e4 15. Nfe5 Nxe5 16. dxe5 Bxe5 17. Nxe5 Rxe5 18. Bf4 Re8 19. Bg3 Bf5 20. Bc4 Nb4 21. Qb3 Qe7 22. Bxf7+ Qxf7 23. Qxb4 Rad8 24. h4 Rd7 25. Rad1 h6 26. Rd4 Red8 27. Red1 Rxd4 28. Rxd4 Rxd4 29. Qxd4 a6 30. Qe5 Kh7 31. Kh2 Qe6 32.
Qb8 Qe7 33. a5 e3 34. fxe3 Be4 35. Qf4 Bc6 36. Be1 Qd7 37. Bc3 Qd5 38. Qg3 Qf7 39.
Qg4 Bd5 40. e4 Be6 41. Qg3 Qd7 42. Qe5 Bc4 43. Qg3 Be6 44. e5 Qf7 45. Kg1 Qf5 46.
Kh2 Qe4 47. Qf3 Qxh4+ 48. Kg1 Qg5 49. Qxb7 Qe3+ 50. Kh2 Qf4+ 51. g3 Qf2+ 52. Qg2 Qf5 53. Qe2 Qh3+ 54. Kg1 Qxg3+ 55. Qg2 Qe3+ 56. Kh1 Qd3 57.
Kh2 Qe3 58. Qg3 Qe2+ 59. Qg2 Qxg2+ 60. Kxg2 Kg6 61. Kg3 Kf5 62. Bd4 g5 63. b4 Bd7 64. Be3 h5 65. Bc5 h4+ 66. Kg2 Ke4 67. Bd6 Kd5 68. Be7 h3+ 69. Kg3 g4 70. Bd6 Kc4 71.
Bc7 Be6 72. Bd6 Bf5 73. Kh2 Kd5 74. Kg3 Kc6 75. Kh2 Be6 76. Kg3 Bd7 77. Kh2 Be6 78.
Kg3 Bd7 79. Kh2 Be6 1/2-1/2

[Event "Late-Titled-Tuesday-Blitz-April-16-2024"]
[Site "Chess.com"]
[Date "2024.04.16"]
[Round "3"]
[White "Hasangatin_Ramil"]
[Black "micke12a"]
[Result "1/2-1/2"]
[WhiteElo "2631"]
[BlackElo "2437"]
[TimeControl "180+1"]
[EndTime "14:29:50 PDT"]
[Termination "Game drawn by stalemate"]

1. e4 c5 2. Nf3 d6 3. d4 cxd4 4. Qxd4 Nc6 5. Bb5 Bd7 6. Bxc6 bxc6 7. e5 c5 8. Qd1 Bc6 9. exd6 exd6 10. O-O Be7 11.
Re1 Nf6 12. Qe2 Bxf3 13. Qxf3 O-O 14. Nc3 d5 15. Bg5 d4 16. Bxf6 Bxf6 17. Nd5 Bg5 18. g3 Qd6 19. h4 Bd2 20. Re2 Ba5 21. Ne7+ Kh8 22. Nf5 Qf6 23. h5 g6 24. Nh4 Qxf3 25.
Nxf3 Rfe8 26. Kf1 Kg7 27. hxg6 hxg6 28. Rd1 Kf6 29. b3 Bc3 30. Rd3 g5 31. Ng1 Kg6 32. Rxe8 Rxe8 33. Ne2 Bb4 34. g4 f5 35. gxf5+ Kxf5 36.
Rf3+ Kg6 37. Rg3 Kf5 38. Rf3+ Kg6 39. c3 dxc3 40. Nxc3 g4 41. Rg3 Kf5 42. Nd5 Re1+ 43. Kg2 Bd2 44. Rd3 Bg5 45. Nc3 Bf6 46. Rd5+ Re5 47.
Rd3 Re1 48. Na4 Ra1 49. Rd5+ Ke6 50. Rd2 Bd4 51. b4 Kd5 52. bxc5 Kc4 53. Rc2+ Kb5 54. c6 Be5 55. Nc3+ Kxc6 56. Nd1+ Kd5 57. Ne3+ Ke6 58.
Nxg4 Bd4 59. Kf3 a5 60. Ne3 Bxe3 61. Kxe3 Kd5 62. Kd3 Rf1 63. Ke3 a4 64. f3 Re1+ 65. Kf4 Kd4 66. Kf5 Rf1 67. f4 a3 68. Kg5 Rb1 69. f5 Rb2 70. Rc1 Rxa2 71. Rf1 Rg2+ 72. Kh6 a2 73. f6 Rf2 74. Rxf2 a1=Q 75. f7 Qh1+ 76. Kg7 Qg1+ 77. Kh8 Qxf2 78. Kg8 Qg3+ 79.
Kh8 Qh4+ 80. Kg8 Qg5+ 81. Kh8 Qh6+ 82. Kg8 Qg6+ 83. Kh8 Qxf7 1/2-1/2

[Event "Late-Titled-Tuesday-Blitz-April-16-2024"]
[Site "Chess.com"]
[Date "2024.04.16"]
[Round "3"]
[White "Bryanl106"]
[Black "artin10862"]
[Result "1/2-1/2"]
[WhiteElo "2705"]
[BlackElo "2935"]
[TimeControl "180+1"]
[EndTime "14:29:58 PDT"]
[Termination "Game drawn by repetition"]

1. e4 e5 2. Nf3 Nc6 3. Nc3 g6 4. d4 exd4 5. Nxd4 Bg7 6. Be3 Nge7 7. Bc4 d6 8. O-O O-O 9. f3 a6 10. a4 Kh8 11. Qd2 f5 12. Ne6 Bxe6 13. Bxe6 Ne5 14. f4 Ng4 15. Bd4 Nf6 16. Rae1 c6 17. b4 b5 18. axb5 axb5 19. h3 Ra3 20. exf5 Nxf5 21.
Bf2 d5 22. Bc5 Re8 23. Bxf5 gxf5 24. Re5 Ne4 25. Nxe4 fxe4 26. Rh5 e3 27. Qe2 Qf6 28. Re5 Rxe5 29. fxe5 Qxe5 30. Qg4 Ra8 31. Kh1 e2 32. Re1 Re8 33. Qd7 Qe6 34. Qa7 h6 35. Bd4 Bxd4 36.
Qxd4+ Kh7 37. Qd3+ Qe4 38. Qc3 d4 39. Qb3 Rf8 40. Kg1 Kg7 41. Qg3+ Kh7 42. Qc7+ Kg8 43. Qg3+ Kh8 44. Qd3 Qxd3 45. cxd3 Re8 46. Kf2 Re3 47. Rxe2 Rxd3 48. Re6 Rc3 49. Rxh6+ Kg7 50. Rd6 Rc4 51. g4 Kf7 52. g5 Ke7 53. g6 Rc2+ 54. Kf3 Kxd6 55.
g7 Rc3+ 56. Kf2 Rc2+ 57. Kf3 Rc3+ 58. Kf4 Rxh3 59. g8=Q Re3 60. Qd8+ Ke6 61. Qxd4 Re1 62. Qc5 Kd7 63. Kf3 Re6 64. Qa7+ Kc8 65. Kf4 Rd6 66. Ke5 Rg6 67. Kd4 Rg5 68. Qe7 Rd5+ 69. Ke4 Kb8 70. Qe6 Kc7 71. Qxd5 cxd5+ 72. Kxd5 Kd7 73. Kc5 Kc7 74.
Kxb5 Kb7 75. Ka5 Ka7 76. Kb5 Kb7 77. Kc5 Kc7 78. b5 Kb7 79. b6 Kb8 80. Kb4 Kb7 81.
Kb5 Kb8 82. Kc6 Kc8 83. Kc5 Kb7 84. Kb5 Kb8 85. Ka5 Kb7 86. Kb5 1/2-1/2

[Event "Late-Titled-Tuesday-Blitz-April-16-2024"]
[Site "Chess.com"]
[Date "2024.04.16"]
[Round "3"]
[White "Aryan_Tamadon"]
[Black "IMGC"]
[Result "0-1"]
[WhiteElo "2638"]
[BlackElo "2454"]
[TimeControl "180+1"]
[EndTime "14:30:03 PDT"]
[Termination "IMGC won by resignation"]

1. Nf3 Nf6 2. d4 c5 3. e3 b6 4. Bd3 Bb7 5. Nbd2 e6 6. O-O Nc6 7. c3 d5 8. Qe2 Be7 9. dxc5 Bxc5 10. e4 Qc7 11. exd5 Nxd5 12. Ne4 Be7 13. g3 O-O 14. c4 Nf6 15. Bf4 e5 16. Bg5 Nxe4 17.
Bxe4 Rae8 18. Rfd1 Nd4 19. Nxd4 exd4 20. Bxb7 Bxg5 21.
Qf3 Qxc4 22. h4 Bf6 23. Bc6 Re7 24. Be4 Qc5 25. Rac1 Qa5 26. Rc6 Qe5 27. Bd5 Rd8 28. Kh2 h6 29. Bc4 Rd6 30. Rc8+ Re8 31. Rxe8+ Qxe8 32. Bd3 Qd8 33. Rd2 g6 34. Re2 Kg7 35. b3 h5 36. Re4 Qd7 37. Qe2 Re6 38. Bc4 Rxe4 39. Qxe4 Qd6 40. Bd3 Qe5 41. Qf3 Qd6 42. Qb7 Qe7 43.
Qc6 Qd8 44. Qb7 Qe7 45. Qd5 Be5 46. Bc4 Bb8 47. Qxd4+ Qf6 48. Qe3 Qd6 49. Qf3 Qf6 50.
Qe2 Qxh4+ 51. Kg1 Qf6 52. Bd5 Bd6 53. Bc4 Bc5 54. Kg2 h4 55. g4 Qf4 56. Bd5 Bd6 57. Bf3 Qh2+ 58. Kf1 h3 59. Qe4 Qe5 60. Qc4 h2 61.
Qe4 Qa1+ 62. Qe1 Qxe1+ 63. Kxe1 Kf6 64. Bh1 Ke5 65. f3 Kd4 66. Kd2 f5 67. gxf5 gxf5 68. Kc2 Bf4 69. Kd1 Ke3 70. Ke1 Kd3 71. Kf2 Kc3 72.
Ke2 Kb2 73. Kd3 Kxa2 74. Kc4 Ka3 75. b4 a5 76. bxa5 bxa5 77. Kc3 a4 78. Kc2 Kb4 79. Kb1 a3 80. Ka2 Bd6 81. Kb1 Kc3 82. f4 Kd2 83. Ka2 Ke3 84. Bd5 Kxf4 85. Bh1 Kg3 86. Kb1 f4 87. Kc2 f3 88. Kd1 f2 89. Ke2 a2 90. Be4 a1=Q 91. Bb1 Qxb1 0-1

[Event "Late-Titled-Tuesday-Blitz-April-16-2024"]
[Site "Chess.com"]
[Date "2024.04.16"]
[Round "4"]
[White "ccccvhhhj"]
[Black "AdrianaPalao"]
[Result "1-0"]
[WhiteElo "2434"]
[BlackElo "1998"]
[TimeControl "180+1"]
[EndTime "14:31:55 PDT"]
[Termination "ccccvhhhj won by resignation"]

1. e4 c5 2. Nf3 e6 3. b4 Nf6 4. e5 Nd5 5. bxc5 Bxc5 6. c3 O-O 7. d4 Bb6 8. Bd3 Nc6 9. Bxh7+ Kxh7 10. Ng5+ Kg6 11.
Qg4 f5 12. Qg3 f4 13. Bxf4 Kh5 14. Qh3+ 1-0

[Event "Late-Titled-Tuesday-Blitz-April-16-2024"]
[Site "Chess.com"]
[Date "2024.04.16"]
[Round "4"]
[White "DonkyDonkyDonkey"]
[Black "diokletian"]
[Result "1-0"]
[WhiteElo "2918"]
[BlackElo "2672"]
[TimeControl "180+1"]
[EndTime "14:32:19 PDT"]
[Termination "DonkyDonkyDonkey won by resignation"]

1. d4 d5 2. Nc3 Nf6 3. Bf4 c5 4. e3 cxd4 5. exd4 Bg4 6. Nf3 Nc6 7. Be2 e6 8. h3 Bxf3 9. Bxf3 Qb6 10. Ne2 Qxb2 11.
O-O Qa3 12. Rb1 Bd6 13. Rb3 1-0

[Event "Late-Titled-Tuesday-Blitz-April-16-2024"]
[Site "Chess.com"]
[Date "2024.04.16"]
[Round "4"]
[White "Sanyura"]
[Black "IndianSchoolOfSuffering"]
[Result "1-0"]
[WhiteElo "2607"]
[BlackElo "2436"]
[TimeControl "180+1"]
[EndTime "14:32:25 PDT"]
[Termination "Sanyura won by resignation"]

1. e4 c6 2. d4 d5 3. Nc3 dxe4 4. Nxe4 Nf6 5. Nxf6+ exf6 6. c3 Bd6 7. Bd3 O-O 8.
Ne2 Re8 9. Qc2 h5 10. O-O h4 11. h3 Qc7 12. Be3 Nd7 13. c4 c5 14. Rfe1 a6 15.
Rad1 cxd4 16. Nxd4 Nc5 17. Bf5 g6 18. Bxg6 Bd7 19.
Bxf7+ 1-0

[Event "Late-Titled-Tuesday-Blitz-April-16-2024"]
[Site "Chess.com"]
[Date "2024.04.16"]
[Round "4"]
[White "Alexei_Gubajdullin"]
[Black "Doublekk14"]
[Result "1-0"]
[WhiteElo "2609"]
[BlackElo "2392"]
[TimeControl "180+1"]
[EndTime "14:32:30 PDT"]
[Termination "Alexei_Gubajdullin won by resignation"]

1. Nf3 Nf6 2. g3 d5 3. Bg2 c5 4.
O-O e6 5. d3 Nc6 6. Nbd2 Be7 7.
e4 dxe4 8. dxe4 O-O 9. e5 Nd5 10.
Ne4 Qc7 11. c4 Nb6 12. Qc2 Nxe5 13. Nfg5 Ng6 14. h4 h6 15. h5 Nh8 16. Nf6+ 1-0

[Event "Late-Titled-Tuesday-Blitz-April-16-2024"]
[Site "Chess.com"]
[Date "2024.04.16"]
[Round "4"]
[White "volcanoexplorer"]
[Black "arturdailima"]
[Result "1-0"]
[WhiteElo "2636"]
[BlackElo "2406"]
[TimeControl "180+1"]
[EndTime "14:32:46 PDT"]
[Termination "volcanoexplorer won by resignation"]

1. e4 Nf6 2. Nc3 d5 3. exd5 Nxd5 4. Nf3 Bg4 5. Bc4 e6 6. h3 Bh5 7. d4 c6 8. g4 Bg6 9. Qe2 Nd7 10. h4 h5 11. g5 N7b6 12. Bd3 Bxd3 13. Qxd3 Nb4 14.
Qe2 c5 15. Be3 cxd4 16. Bxd4 Nc6 17. O-O-O Nxd4 18. Rxd4 Qc7 19. g6 Bc5 20. gxf7+ Kxf7 21. Ng5+ Kf8 22. Nxe6+ 1-0

[Event "Late-Titled-Tuesday-Blitz-April-16-2024"]
[Site "Chess.com"]
[Date "2024.04.16"]
[Round "4"]
[White "manitodeplomo"]
[Black "FabianoCaruana"]
[Result "0-1"]
[WhiteElo "2641"]
[BlackElo "3076"]
[TimeControl "180+1"]
[EndTime "14:32:57 PDT"]
[Termination "FabianoCaruana won by resignation"]

1. g3 d5 2. Bg2 Nf6 3. c4 e6 4. Nf3 Be7 5. O-O O-O 6. Nc3 d4 7. Na4 c5 8. b4 cxb4 9. a3 Nc6 10. axb4 Bxb4 11. d3 h6 12. Ba3 a5 13. Bxb4 axb4 14. Qb3 e5 15. Ne1 Bg4 16. f3 Be6 17. Nc2 b5 18. Nb2 bxc4 19. Nxc4 Rxa1 20. Rxa1 Nd5 21. f4 exf4 22. Bxd5 Bxd5 23. Nxb4 Nxb4 24. Qxb4 fxg3 25.
hxg3 Qg5 26. Qd6 Qh5 0-1

[Event "Late-Titled-Tuesday-Blitz-April-16-2024"]
[Site "Chess.com"]
[Date "2024.04.16"]
[Round "4"]
[White "Tugrik1969"]
[Black "northridgehawk"]
[Result "1-0"]
[WhiteElo "2506"]
[BlackElo "2330"]
[TimeControl "180+1"]
[EndTime "14:34:17 PDT"]
[Termination "Tugrik1969 won by checkmate"]

1. d4 f5 2. g3 Nf6 3. Bg2 g6 4. Nf3 Bg7 5. O-O O-O 6. c4 c6 7. Nc3 Qa5 8. Rb1 Qa6 9. c5 b6 10. b4 d5 11. Bf4 Ne4 12. Qb3 Nd7 13. Nxe4 fxe4 14. Ng5 Kh8 15. Ne6 Nf6 16. Nxf8 Bxf8 17. b5 cxb5 18. Qxb5 Qxb5 19. Rxb5 Bd7 20. Rb2 bxc5 21.
dxc5 Rc8 22. Rc1 Bc6 23. Rb8 Rxb8 24. Bxb8 Nd7 25. Bxa7 e5 26. Bh3 Nf6 27. Bb8 Kg8 28. Bxe5 Ne8 29. Be6# 1-0

[Event "Late-Titled-Tuesday-Blitz-April-16-2024"]
[Site "Chess.com"]
[Date "2024.04.16"]
[Round "4"]
[White "Giantgoogachess"]
[Black "2L8IWUN"]
[Result "0-1"]
[WhiteElo "2297"]
[BlackElo "2079"]
[TimeControl "180+1"]
[EndTime "14:34:19 PDT"]
[Termination "2L8IWUN won by resignation"]

1. Nf3 Nf6 2. d4 d5 3. Bf4 c5 4. e3 Nc6 5. Nc3 cxd4 6. exd4 a6 7. Ne5 Bd7 8. Nxd7 Qxd7 9. Be2 e6 10. O-O Bd6 11.
Bxd6 Qxd6 12. Na4 Nd7 13. c3 b5 14. Nc5 Nxc5 15. dxc5 Qxc5 16. b4 Qd6 17. a4 O-O 18.
axb5 axb5 19. Bxb5 Ne5 20. Qe2 Qc7 21. f4 Ng6 22. Rxa8 Rxa8 23. f5 exf5 24. Rxf5 Qxc3 25. h3 Qxb4 26. Bc6 Qc5+ 0-1

[Event "Late-Titled-Tuesday-Blitz-April-16-2024"]
[Site "Chess.com"]
[Date "2024.04.16"]
[Round "4"]
[White "Kimkibo"]
[Black "WilsonPalencia21"]
[Result "0-1"]
[WhiteElo "2380"]
[BlackElo "2579"]
[TimeControl "180+1"]
[EndTime "14:34:24 PDT"]
[Termination "WilsonPalencia21 won by resignation"]

1. d4 Nf6 2. Nf3 c5 3. d5 g6 4. c4 Bg7 5. Nc3 d6 6. e4 O-O 7. Bd3 e6 8. O-O exd5 9. cxd5 a6 10. a4 Bg4 11. h3 Bxf3 12. Qxf3 Nbd7 13. Bf4 Qe7 14. Qg3 Ne8 15. Rae1 Ne5 16. Bxe5 Bxe5 17. f4 Bd4+ 18. Kh1 Bf6 19. e5 Bh4 20. exd6 Qxe1 21. Qxe1 Bxe1 22. Rxe1 Nxd6 23. Re7 c4 24. Be2 b5 25.
axb5 axb5 26. Bf3 b4 27. Ne4 Nxe4 28. Rxe4 Rac8 29. d6 Rfd8 30. Rd4 c3 31. bxc3 bxc3 0-1

[Event "Late-Titled-Tuesday-Blitz-April-16-2024"]
[Site "Chess.com"]
[Date "2024.04.16"]
[Round "4"]
[White "stollenmonster"]
[Black "CrushingKings"]
[Result "1-0"]
[WhiteElo "2893"]
[BlackElo "2593"]
[TimeControl "180+1"]
[EndTime "14:34:29 PDT"]
[Termination "stollenmonster won by resignation"]

1. e4 g6 2. g3 Bg7 3. Bg2 e5 4. Ne2 h5 5. h3 h4 6. g4 g5 7. d4 d6 8. O-O Nc6 9. c3 Nge7 10.
Be3 Ng6 11. Nd2 O-O 12. Nf3 Nf4 13. Nxf4 exf4 14. Bc1 Ne7 15. Nxg5 Ng6 16. Nf3 c6 17. Re1 d5 18. e5 Be6 19. Qd3 Qd7 20. Kh1 Rae8 21. Ng1 f5 22. g5 Rf7 23. Ne2 f3 24.
Bxf3 Bxe5 25. Bh5 Rg7 26. Bxg6 Rxg6 27. dxe5 d4 28. Qxd4 Bd5+ 29. Kh2 f4 30. c4 Rxg5 31. cxd5 1-0

[Event "Late-Titled-Tuesday-Blitz-April-16-2024"]
[Site "Chess.com"]
[Date "2024.04.16"]
[Round "4"]
[White "SaqoChess_Twitch"]
[Black "Road2GM3000"]
[Result "1-0"]
[WhiteElo "2679"]
[BlackElo "2450"]
[TimeControl "180+1"]
[EndTime "14:34:29 PDT"]
[Termination "SaqoChess_Twitch won by resignation"]

1. d4 d5 2. c4 c6 3. Nc3 Nf6 4. e3 a6 5. Nf3 Bf5 6. cxd5 cxd5 7. Qb3 Ra7 8. Be2 e6 9. O-O Bd6 10. Qa4+ Nc6 11. Ne5 Bxe5 12. dxe5 Nd7 13. f4 O-O 14. g4 Bg6 15. f5 exf5 16. gxf5 Qg5+ 17. Qg4 Qxg4+ 18.
Bxg4 h5 19. Be2 Bh7 20. Nxd5 Ndxe5 21. e4 Re8 22. Bxh5 Nd3 23. Be3 Rxe4 24. Bxa7 1-0

[Event "Late-Titled-Tuesday-Blitz-April-16-2024"]
[Site "Chess.com"]
[Date "2024.04.16"]
[Round "4"]
[White "Tolyanius"]
[Black "picturesquecheck"]
[Result "1-0"]
[WhiteElo "2620"]
[BlackElo "2405"]
[TimeControl "180+1"]
[EndTime "14:34:36 PDT"]
[Termination "Tolyanius won by resignation"]

1. e4 d6 2. d3 g6 3. h4 h5 4.
Nh3 Bg7 5. Ng5 Nf6 6. c3 O-O 7.
Be2 c5 8. f3 Nc6 9. g4 b5 10.
gxh5 Nxh5 11. f4 Ng3 12. Rh2 Nxe2 13. Qxe2 b4 14. h5 e5 15. hxg6 fxg6 16. f5 bxc3 17. Nxc3 Nd4 18. Qg4 Bxf5 19. exf5 Rxf5 20. Qe4 d5 21.
Qxd5+ Qxd5 22. Nxd5 Rxg5 23. Bxg5 Nf3+ 24. Ke2 Nxh2 25. Rh1 Ng4 26. Rh4 Rb8 27. b3 Kf7 28.
Rxg4 Ke6 29. Nc3 1-0

[Event "Late-Titled-Tuesday-Blitz-April-16-2024"]
[Site "Chess.com"]
[Date "2024.04.16"]
[Round "4"]
[White "ATM622"]
[Black "Alphafischer2019"]
[Result "1-0"]
[WhiteElo "2437"]
[BlackElo "2721"]
[TimeControl "180+1"]
[EndTime "14:34:37 PDT"]
[Termination "ATM622 won by checkmate"]

1. d4 Nf6 2. c4 b6 3. Nf3 Bb7 4. Nbd2 g6 5. g3 Bg7 6. Bg2 O-O 7. O-O c5 8. b3 cxd4 9. Nxd4 Bxg2 10. Kxg2 Nc6 11.
Nxc6 dxc6 12. Bb2 Qc7 13. Nf3 Rfd8 14. Qc2 c5 15. Rfd1 a6 16. Kg1 h5 17. Rxd8+ Rxd8 18. Rd1 Rd2 19. Qxd2 Bf8 20. Qd8 Qc6 21. Ne5 Qe6 22.
Qb8 Qf5 23. Nf3 Kg7 24. Bxf6+ exf6 25. Rd8 Be7 26. Rg8+ Kh6 27. Rh8+ Kg7 28. Qg8# 1-0

[Event "Late-Titled-Tuesday-Blitz-April-16-2024"]
[Site "Chess.com"]
[Date "2024.04.16"]
[Round "4"]
[White "XDPS"]
[Black "B_nn_t"]
[Result "1-0"]
[WhiteElo "2820"]
[BlackElo "2561"]
[TimeControl "180+1"]
[EndTime "14:34:48 PDT"]
[Termination "XDPS won by resignation"]

1. e4 c5 2. Nf3 d6 3. d4 cxd4 4. Nxd4 Nf6 5. Nc3 Nc6 6. Be2 g6 7. Be3 Bg7 8. O-O O-O 9. Qd2 Nxd4 10. Bxd4 a6 11. a4 Bd7 12. Rfd1 Bc6 13. f3 Rc8 14. a5 Qd7 15. b3 h5 16. Nd5 Bxd5 17. exd5 Ne8 18. c4 Bxd4+ 19. Qxd4 Nf6 20. b4 Qc7 21. Kh1 Nd7 22. f4 Nf6 23. Bd3 Qd7 24. Re1 h4 25.
f5 h3 26. gxh3 Kg7 27. fxg6 fxg6 28. Re6 Rh8 29. Rg1 Rh6 30. Qe3 Ng8 31. Bxg6 1-0

[Event "Late-Titled-Tuesday-Blitz-April-16-2024"]
[Site "Chess.com"]
[Date "2024.04.16"]
[Round "4"]
[White "Beca95"]
[Black "RuperezA"]
[Result "0-1"]
[WhiteElo "2837"]
[BlackElo "2602"]
[TimeControl "180+1"]
[EndTime "14:34:49 PDT"]
[Termination "RuperezA won by resignation"]

1. d4 e6 2. Nf3 d5 3. c4 Nf6 4. Bg5 Be7 5. e3 O-O 6. Qc2 Ne4 7. Bxe7 Qxe7 8. Bd3 f5 9. Nbd2 Nd7 10. cxd5 exd5 11.
Qxc7 f4 12. Bxe4 dxe4 13. Ne5 fxe3 14. fxe3 Qg5 15. O-O-O Nxe5 16. Qxe5 Qxe5 17. dxe5 Bg4 18. Rde1 Rac8+ 19. Kb1 Rf2 20. Rc1 Rxd2 21. Rxc8+ Bxc8 0-1

[Event "Late-Titled-Tuesday-Blitz-April-16-2024"]
[Site "Chess.com"]
[Date "2024.04.16"]
[Round "4"]
[White "DraningWaterHi"]
[Black "Jahonas"]
[Result "0-1"]
[WhiteElo "2213"]
[BlackElo "2393"]
[TimeControl "180+1"]
[EndTime "14:34:50 PDT"]
[Termination "Jahonas won by resignation"]

1. d4 Nf6 2. c4 e6 3. g3 d5 4.
cxd5 exd5 5. Bg2 c6 6. Nc3 Bd6 7. Nf3 O-O 8. O-O h6 9. Qc2 Re8 10. Bf4 Bf8 11. Rfe1 Na6 12. a3 Nc7 13. Bxc7 Qxc7 14. Ne5 Be6 15. f4 Ng4 16. f5 Nxe5 17. fxe6 Nc4 18. exf7+ Qxf7 19. e4 Nb6 20. e5 c5 21. Qb3 cxd4 22. Nxd5 Bc5 23. Nf6+ gxf6 24. e6 Qe7 25. Qd3 Kh8 26. b4 Bd6 27. Qxd4 Be5 28.
Rxe5 fxe5 29. Qxe5+ Qg7 30. Qe1 Rxe6 0-1